AoeStats
← SLTD.NinjaXXCrowXX

Arena

509194712Analyzed
1v1 RM · 7d ago on Sep 25, 2026· 48m 6s· 2 players
Game mode
Random Map
Map size
Tiny (2 player)
Population
200
Speed
Normal
Resources
Standard
Victory
Conquest
Starting age
Dark Age
Ending age
Imperial Age
RankedLock teamsTeams togetherTeam positionsShared explorationLock speedFull tech treeHidden civsTurbo modeCheats
Victory
Defeat
🇨🇿 Bulgarians · Czechia
1109
+16
🇺🇸 Varangians · United States
1111
-16
Kapradi
4:44 Loom
10:08 Feudal Age
14:18 Castle Age
12:45 Double-Bit Axe
14:22 Horse Collar
24:22 Bow Saw
25:35 Wheelbarrow
28:19 Heavy Plow
33:29 Imperial Age
33:32 Forging
33:27 Scale Barding Armor
35:31 Chain Barding Armor
35:12 Scale Mail Armor
35:46 Fletching
40:06 Crop Rotation
41:25 Redemption
41:58 Conscription
41:55 Town Watch
42:26 Hand Cart
43:19 Plate Barding Armor
42:59 Chain Mail Armor
43:20 Iron Casting
44:34 Stirrups
45:15 Hand Cart
45:00 Town Patrol
46:21 Town Patrol
45:44 Elite Konnik
47:32 Theocracy
47:22 Heavy Scorpion
SLTD.NinjaXXCrowXX
10:48 Feudal Age
11:29 Double-Bit Axe
11:25 Horse Collar
13:02 Loom
15:47 Castle Age
16:35 Forging
19:37 Bow Saw
22:33 Squires
26:03 Scale Mail Armor
26:45 Wheelbarrow
33:46 Imperial Age
33:13 Scale Barding Armor
33:44 Hand Cart
34:33 Stone Mining
35:10 Chain Mail Armor
35:33 Iron Casting
39:25 Chain Barding Armor
40:06 Blast Furnace
41:03 Plate Barding Armor
41:36 Cavalier
42:31 Bloodlines
42:26 Husbandry
44:43 Onager
Connection lost

Rejoining the realm…

Still unreachable

The connection could not be restored.

Session expired

The server has moved on; the page needs a fresh start.